 Dungeon Crawl Stone Soup version 0.24-a0-48-g0ecae65 (webtiles) character file.

Game seed: 3647017812182814806

528 Inarius the Skirmisher (level 7, -8/59 HPs)
             Began as a Mummy Monk on Feb 3, 2019.
             Mangled by an ogre
             ... wielding a +0 giant club
              (21 damage)
             ... on level 4 of the Dungeon.
             The game lasted 00:07:26 (5599 turns).

Inarius the Skirmisher (Mummy Monk)                 Turns: 5599, Time: 00:07:27

Health: -8/59      AC:  8    Str: 17    XL:     7   Next: 3%
Magic:  7/7        EV: 10    Int:  9    God:
Gold:   182        SH:  0    Dex: 14    Spells: 6/6 levels left

rFire    x . .     SeeInvis .   a - +0 hand axe
rCold    + . .     Gourm    .   (no shield)
rNeg     + + +     Faith    .   h - +0 scale mail
rPois    ∞         Spirit   .   k - +0 helmet (curse)
rElec    .         Reflect  .   j - +0 cloak
rCorr    .         Harm     .   (no gloves)
MR       +....                  (no boots)
Stlth    ..........             (no amulet)
HPRegen  0.19/turn              c - +2 ring of slaying
MPRegen  0.10/turn              n - ring of protection from magic

@: lightly drained
A: no food or potions, fire vulnerability, cold resistance 1, negative energy
resistance 3, torment resistance, unbreathing
a: no special abilities


You were on level 4 of the Dungeon.
You were not hungry.

You visited 1 branch of the dungeon, and saw 4 of its levels.

You collected 182 gold pieces.

Inventory:

Hand Weapons
 a - a +0 hand axe (weapon)
Armour
 h - a +0 scale mail (worn)
 j - a +0 cloak (worn)
 k - a cursed +0 helmet (worn)
Jewellery
 c - a +2 ring of slaying (left hand)
 n - a ring of protection from magic (right hand)
Wands
 g - a wand of random effects (21)
Scrolls
 b - a scroll of remove curse {unknown}
 d - 3 scrolls of identify {unknown}
 e - 3 scrolls of magic mapping {unknown}
 f - a scroll of teleportation {unknown}
 i - a scroll of immolation {unknown}
 l - 2 scrolls of noise {unknown}
 m - a scroll of amnesia {unknown}
 o - a scroll of enchant weapon {unknown}
 p - a scroll of enchant armour {unknown}


   Skills:
 * Level 6.9(6.3) Fighting
 - Level 2.4(1.9) Axes
 + Level 3.2(2.6) Armour
 - Level 2.4(1.9) Dodging
 - Level 1.5(1.0) Stealth


You had 6 spell levels left.
You didn't know any spells.
Your spell library was empty.

Dungeon Overview and Level Annotations

Branches:
Dungeon (4/15)             Temple (0/1) D:4

Altars:
Fedhas
Vehumet

Annotations:
D:3 exclusion: oklob plant
D:4 exclusion: statue


Innate Abilities, Weirdness & Mutations

You do not eat or drink.
Your flesh is vulnerable to fire.
You are immune to poison.
Your flesh is cold resistant. (rC+)
You are immune to negative energy. (rN+++)
You are immune to unholy pain and torment.
You can survive without breathing.


Message History

You hit the giant cockroach. The ogre misses you.
The giant cockroach closely misses you. The giant cockroach barely misses you.
You hit the ogre.
The ogre is severely wounded.
You closely miss the giant cockroach.
The ogre hits you with a +0 giant club!!
* * * LOW HITPOINT WARNING * * *
The giant cockroach closely misses you.
A worm comes into view.
The ogre barely misses you. The giant cockroach barely misses you.
You closely miss the giant cockroach.
The giant cockroach is almost dead.
The giant cockroach bites you but does no damage.
You hit the giant cockroach.
You kill the giant cockroach!
You barely miss the ogre.
The ogre is severely wounded.
The ogre hits you with a +0 giant club!!
You die...

#......#########
##.##..........#
#.#######.###.# ## #.#
#.# #.# ##. #.# #.#
#.#### .. #.# #.# #.....
#. #.# #.#######.
##.####.#######.#.......
#...#.O@..........#####.
#)w...###.##### #^
#...##### #. ##.## .. #.
## .. ###


You could see an ogre and a worm.

Vanquished Creatures
  A scorpion (D:4)
  A centaur zombie (D:3)
  A hound (D:4)
  Crazy Yiuf (D:2)
  2 orc wizards (D:4)
  An orc priest (D:4)
  A centaur skeleton (D:4)
  Jessica (D:2)
  Terence (D:2)
  Robin (D:3)
  8 gnolls
  4 adders
  2 worms (D:2)
  A dart slug (D:2)
  4 leopard geckos
  4 orcs
  6 giant cockroaches
  12 goblins
  9 hobgoblins
  3 jackals (D:1)
  2 quokkas (D:3)
  3 ball pythons
  6 bats
  5 frilled lizards
  14 kobolds
  A leopard gecko skeleton (D:4)
  6 rats
101 creatures vanquished.

Notes
Turn   | Place    | Note
-------+----------+-------------------------------------------
     0 | D:1      | Inarius the Mummy Monk began the quest for the Orb.
     0 | D:1      | Reached XP level 1. HP: 18/18 MP: 1/1
   206 | D:1      | Reached XP level 2. HP: 24/24 MP: 2/2
   207 | D:1      | Reached skill level 4 in Fighting
   232 | D:1      | HP: 1/25 [kobold/+0 short sword (2)]
   814 | D:1      | Reached XP level 3. HP: 30/30 MP: 3/3
  1736 | D:2      | Reached XP level 4. HP: 38/38 MP: 4/4
  1936 | D:2      | Noticed Jessica
  1938 | D:2      | Killed Jessica
  1938 | D:2      | Reached skill level 5 in Fighting
  2008 | D:2      | Noticed Terence
  2032 | D:2      | Killed Terence
  2322 | D:2      | Reached skill level 1 in Armour
  2339 | D:2      | Reached XP level 5. HP: 43/44 MP: 5/5
  2668 | D:2      | Found a runed translucent door.
  2669 | D:2      | Noticed Crazy Yiuf
  2976 | D:2      | Killed Crazy Yiuf
  3605 | D:3      | Reached skill level 6 in Fighting
  3606 | D:3      | Noticed Robin
  3734 | D:3      | Killed Robin
  3955 | D:3      | Found a blossoming altar of Fedhas.
  3967 | D:3      | Noticed an oklob plant
  4036 | D:3      | Reached XP level 6. HP: 48/52 MP: 6/6
  5229 | D:4      | Found a staircase to the Ecumenical Temple.
  5236 | D:4      | Found a radiant altar of Vehumet.
  5428 | D:4      | Reached XP level 7. HP: 44/59 MP: 7/7
  5599 | D:4      | Mangled by an ogre

Vault maps used:
D:1:      dpeg_arrival_rooms_a
D:2:      grunt_decor_fettered, minivault_27, uniq_crazy_yiuf_cottage,
          uniq_terence, uniq_jessica
D:3:      tgw_fedhas, minmay_close_crescents, uniq_robin
D:4:      vehumet_statue, makhleb_blood_cavern_becter,
          minmay_temple_entry_statues_pillars, first_ration, uniq_natasha

Skill      XL: |  1  2  3  4  5  6 |
---------------+-------------------+-----
Fighting       | 4 5 6 |  6.9
Armour         | 1 2 3 |  3.2
Axes           | |  2.4
Dodging        | |  2.4
Stealth        | |  1.5

Action                   |  1- 3 |  4- 6 |  7- 9 || total
-------------------------+-------+-------+-------++-------
Melee: Hand axe          |    86 |   275 |    14 ||   375
 Stab: Sleeping          |     3 |       |       ||     3
       Invisible         |       |     1 |       ||     1
Armor: Robe              |     3 |       |       ||     3
       Ring mail         |    10 |    24 |       ||    34
       Scale mail        |       |    84 |     7 ||    91
Dodge: Dodged            |    70 |   146 |    12 ||   228

Table legend:
 A = Non-vault XP
 B = Vault XP
 C = Vault XP percentage of total XP
 D = Non-vault monster count
 E = Vault monster count
 F = Vault count percentage of total count
                 A         B        C        D         E       F
            +---------+---------+-------+---------+---------+-------
      Total |     588 |     167 |  22.1 |      83 |      18 |  17.8
            +---------+---------+-------+---------+---------+-------
        D:1 |      64 |       0 |   0.0 |      24 |       0 |   0.0
        D:2 |     102 |     115 |  53.0 |      31 |       3 |   8.8
        D:3 |     123 |      52 |  29.7 |      16 |      15 |  48.4
        D:4 |     299 |       0 |   0.0 |      12 |       0 |   0.0
            +---------+---------+-------+---------+---------+-------
